AoeStats
← RagnarLothbrok

Lombardia

509101487Analyzed
4v4 RM · 7d ago on Sep 25, 2026· 19m 12s· 8 players
Game mode
Random Map
Map size
Large (8 player)
Population
200
Speed
Normal
Resources
Standard
Victory
Conquest
Starting age
Dark Age
Ending age
Imperial Age
RankedLock teamsTeams togetherTeam positionsShared explorationLock speedFull tech treeHidden civsTurbo modeCheats
Victory
Defeat
🇨🇳 Saxons · China
1482
+12
🇨🇳 Varangians · China
1462
+13
1389
+16
🇨🇳 Franks · China
1386
+16
🇪🇸 Saracens · Spain
1430
-15
🇨🇳 Romans · China
1406
-15
🇻🇪 Mongols · Venezuela
1382
-14
🇭🇰 Varangians · Hong Kong SAR China
1354
-13
RagnarLothbrok
8:51 Loom
10:36 Feudal Age
12:17 Double-Bit Axe
12:36 Horse Collar
15:34 Castle Age
15:16 Bloodlines
Melquiades3959
6:51 Loom
10:20 Feudal Age
15:35 Castle Age
15:14 Fletching
15:53 Horse Collar
16:22 Bodkin Arrow
16:59 Double-Bit Axe
18:05 Bow Saw
Aker Starlight
11:27 Feudal Age
11:59 Loom
鸡腿1379
4:36 Loom
10:46 Feudal Age
15:46 Castle Age
13:53 Double-Bit Axe
14:12 Horse Collar
垃圾小土兵
4:43 Loom
11:19 Feudal Age
15:49 Castle Age
13:36 Double-Bit Axe
17:05 Bow Saw
李清然
5:18 Loom
8:58 Feudal Age
9:34 Double-Bit Axe
9:59 Horse Collar
11:16 Town Watch
19:57 Castle Age
夜夜可爱捏
6:28 Loom
8:50 Feudal Age
9:22 Double-Bit Axe
19:22 Castle Age
18:39 Scale Barding Armor
19:22 Forging
TheQuickBrownFoxJumpsOverLazyDog
0:27 Loom
9:17 Feudal Age
10:03 Double-Bit Axe
17:32 Wheelbarrow
17:02 Fletching
20:35 Castle Age
Connection lost

Rejoining the realm…

Still unreachable

The connection could not be restored.

Session expired

The server has moved on; the page needs a fresh start.